 Seeded DCSS version 0.30-a0-1075-gcd70e7a56d (webtiles) character file.

Game seed: 15754142637805177498 (custom seed)

2034 Pimp the Digger (level 8, -17/63 HPs)
             Began as a Demigod Earth Elementalist on Apr 14, 2023.
             Demolished by a storm dragon simulacrum (34 damage)
             ... on level 2 of the Abyss.
             The game lasted 00:20:25 (7195 turns).

Pimp the Digger (Demigod Earth Elementalist)        Turns: 7195, Time: 00:20:26

Health: -17/63     AC: 17    Str:  9    XL:     8   Next: 74%
Magic:  17/17      EV: 12    Int: 24    God:
Gold:   376        SH:  0    Dex: 18    Spells: 11/15 levels left

rFire   + + .      SeeInvis .    j - staff of earth
rCold   x . .      Faith    .    (no shield)
rNeg    . . .      Spirit   .    e - +4 ring mail {rF+}
rPois   +          Reflect  .    t - +0 helmet
rElec   .          Rampage  .    f - +2 cloak
rCorr   .                        s - +1 pair of gloves
Will    .....                    m - +0 pair of boots
Stlth   ++                       (no amulet)
HPRegen 0.00/turn                c - ring "Miodiyr" {Fire rPois Int+3}
MPRegen 0.15/turn                (no ring)

@: inhibited regen
A: high MP 1, forlorn, divine attributes, [inhibited regeneration]
a: no special abilities


You were on level 2 of the Abyss.
You visited 1 branch of the dungeon, and saw 7 of its levels.
You visited the Abyss 1 time.
You also visited: Sewer.

You collected 376 gold pieces.

Inventory:

Hand Weapons
 b - a +3 spear of venom
 d - a +0 dagger
Armour
 a - a +0 robe
 e - a +4 ring mail of fire resistance (worn)
 f - a +2 cloak (worn)
 i - a +1 pair of gloves
 m - a +0 pair of boots (worn)
 s - a +1 pair of gloves (worn)
 t - a +0 helmet (worn)
 A - a +3 ring mail
Magical Staves
 j - a staff of earth (weapon)
Jewellery
 c - the ring "Miodiyr" (left hand) {Fire rPois Int+3}
   (You found it on level 4 of the Dungeon)

   [ring of fire]

   It enhances your fire magic.
   Int:       It affects your intelligence (+3).
   rF:        It protects you from fire.
   rC:        It makes you vulnerable to cold.
   rPois:     It protects you from poison.
Wands
 g - a wand of polymorph (11)
 l - a wand of flame (17)
Scrolls
 k - a scroll of fear
 r - a scroll of blinking
 u - 2 scrolls of identify
 x - a scroll of teleportation
Potions
 h - 2 potions of flight
 n - 2 potions of curing
 o - 2 potions of brilliance
 p - a potion of lignification
 q - 2 potions of heal wounds


   Skills:
 + Level 3.4 Fighting
 + Level 3.5 Short Blades
 * Level 3.7 Armour
 + Level 4.3 Dodging
 - Level 2.2 Stealth
 + Level 4.1 Spellcasting
 + Level 1.0 Conjurations
 + Level 4.0 Transmutations
 + Level 4.9 Earth Magic


You had 11 spell levels left.
You knew the following spells:

 Your Spells              Type           Power      Damage    Failure   Level
a - Sandblast             Erth           86%        2d18      3%          1
b - Stone Arrow           Conj/Erth      58%        3d10      22%         3

Your spell library contained the following spells:

 Spells                   Type           Power      Damage    Failure   Level
 Beastly Appendage        Tmut           48%        N/A       4%          1
 Passwall                 Tmut/Erth      32%        N/A       6%          2
 Wereblood                Tmut           24%        N/A       8%          2
 Summon Small Mammal      Summ           20%        N/A       26%         1
 Spider Form              Tmut/Pois      14%        N/A       32%         3
 Petrify                  Tmut/Erth      39%        N/A       36%         4
 Call Canine Familiar     Summ           5%         N/A       58%         3
 Summon Guardian Golem    Hex/Summ       5%         N/A       58%         3
 Summon Forest            Summ/Tloc      2%         N/A       100%        5
 Eringya's Noxious Bog    Tmut/Pois      7%         N/A       100%        6
 Summon Hydra             Summ           2%         N/A       100%        7


Dungeon Overview and Level Annotations

Branches:
Dungeon (7/15)              Sewer (visited)
 Temple: D:4-7


Innate Abilities, Weirdness & Mutations

You have an increased reservoir of magic. (+10% MP)
You shall have no god before yourself.
Your divine heritage dramatically boosts your attributes as you level up.
[You do not regenerate when monsters are visible.]


Message History

A fireball appears from out of thin air!
The fireball explodes!
The fireball engulfs you. You resist.
Your magical contamination has completely faded away.
There is an escape hatch in the floor here.
There is a stone staircase leading up here.
You start resting.
Something hits you but does no damage.
You miss something. Something hits you.
You hit something. Something hits you.
You hit something.
You hear some strange, mumbled words.
You are cast into the Abyss!
This branch contains the abyssal rune of Zot.
Reactivating autopickup.
There is an empty arch of ancient stone here.
Found a corrupted altar of Lugonu.
Found a gateway leading deeper into the Abyss.
There is a corrupted altar of Lugonu here.
There is a gateway leading deeper into the Abyss here.
You can't go up here!
Unknown command.
There is a corrupted altar of Lugonu here.
The chaos spawn hisses angrily.
A storm dragon simulacrum and a worldbinder come into view.
A wretched star comes into view.
The storm dragon simulacrum bites you.
The storm dragon simulacrum freezes you!!!
You feel a terrible chill!
Ouch! That really hurt!
The storm dragon simulacrum misses you.
The storm dragon simulacrum tramples you but does no damage.
The wretched star pulses with an eldritch light!
Your regeneration stops near monsters.
The storm dragon simulacrum attacks as you move away!
The storm dragon simulacrum bites you.
* * * LOW HITPOINT WARNING * * *
The storm dragon simulacrum freezes you!!
You feel a terrible chill!
Ouch! That really hurt!
You die...

#.#####.#
#.#..##+# ###
.#...##...
#....#......#
##
#....*##.##
#...#.###.#
.#
.......#..# .
#Z#.# # #.@##
#..# #.## .#~
#x ~ #~ ~~ ~~
~. ~≈ ~~#


You could see a wretched star, a worldbinder and a storm dragon simulacrum.

Vanquished Creatures
  Prince Ribbit (D:5)
  Grinder (D:3)
  Sigmund (D:3)
  Pargi (Sewer)
  A water moccasin (D:6)
  Duvessa (D:5)
  3 black bears
  An ogre (D:6)
  A phantom (D:5)
  Blork the orc (D:4)
  2 scorpions
  Dowan (D:5)
  A howler monkey (D:6)
  2 hounds (D:5)
  2 orc priests
  2 iguanas
  Ijyb (D:5)
  3 orc wizards
  4 gnolls (D:3)
  4 adders
  A river rat (D:5)
  A white imp (D:5)
  2 worms (D:2)
  A dart slug (D:2)
  18 orcs
  5 bats
  6 endoplasms
  6 giant cockroaches
  7 goblins
  7 hobgoblins
  4 jackals (D:3)
  4 quokkas
  6 ball pythons
  4 frilled lizards
  8 kobolds
  5 rats
119 creatures vanquished.

Notes
Turn   | Place    | Note
-------+----------+-------------------------------------------
     0 | D:1      | Pimp the Demigod Earth Elementalist began the quest for the
                  | Orb.
     0 | D:1      | Reached XP level 1. HP: 14/14 MP: 5/5
    87 | D:1      | Reached skill level 1 in Transmutations
   237 | D:1      | Reached XP level 2. HP: 16/20 MP: 1/7
   773 | D:2      | Reached XP level 3. HP: 19/26 MP: 6/8
   795 | D:2      | Learned a level 3 spell: Stone Arrow
  1956 | D:3      | Identified the +1 helmet "Hudih" {+Blink Str+3 Int-4}
  2006 | D:3      | Reached XP level 4. HP: 25/34 MP: 2/10
  2020 | D:3      | HP: 1/34 [gnoll/+0 whip (3)]
  2154 | D:3      | Identified a scroll of acquirement
  2154 | D:3      | Acquired a staff of earth
  2273 | D:3      | Noticed Grinder
  2278 | D:3      | Killed Grinder
  2279 | D:3      | Reached skill level 1 in Fighting
  2279 | D:3      | Reached skill level 1 in Short Blades
  2279 | D:3      | Reached skill level 1 in Armour
  2279 | D:3      | Reached XP level 5. HP: 30/40 MP: 4/11
  2564 | D:3      | Noticed Sigmund
  2571 | D:3      | Killed Sigmund
  2572 | D:3      | Reached XP level 6. HP: 48/48 MP: 3/13
  3357 | D:4      | Identified the ring "Miodiyr" {Fire rPois Int+3}
  3513 | D:4      | Noticed Blork the orc
  3524 | D:4      | Killed Blork the orc
  3527 | D:4      | Reached XP level 7. HP: 55/55 MP: 0/14
  3969 | D:5      | Entered Level 5 of the Dungeon
  3980 | D:5      | Noticed Prince Ribbit
  4024 | D:5      | Killed Prince Ribbit
  4251 | D:5      | Found a glowing drain.
  4255 | Sewer    | Entered a sewer
  4526 | Sewer    | Noticed Pargi
  4530 | Sewer    | Killed Pargi
  4795 | D:5      | Reached XP level 8. HP: 62/62 MP: 12/16
  4824 | D:5      | Noticed Duvessa
  4824 | D:5      | Noticed Dowan
  5285 | D:5      | Killed Dowan
  5366 | D:5      | HP: 4/94 [Duvessa/+0 short sword (4)]
  5367 | D:5      | Killed Duvessa
  5445 | D:5      | Noticed Ijyb
  5608 | D:5      | Killed Ijyb
  6530 | D:6      | Reached skill level 1 in Conjurations
  7088 | D:7      | Noticed an orc sorcerer
  7089 | D:7      | Noticed a wizard
  7110 | Abyss:2  | Cast into level 2 of the Abyss (a wizard)
  7192 | Abyss:2  | Noticed a worldbinder
  7193 | Abyss:2  | Noticed a wretched star
  7195 | Abyss:2  | Demolished by a storm dragon simulacrum

Illustrated notes

Levels and vault maps discovered:
D:1:      tarquinn_simple_flora_water_f, layout_rooms, minmay_distorted
D:2:      layout_basic, st_stairs_5
D:3:      layout_loops_corners, kennysheep_okawaru_gauntlet,
          mainiacjoe_overflow_catwalk, ebering_ecumenical_altar_box,
          uniq_sigmund, uniq_grinder
D:4:      layout_basic, uniq_blork_the_orc
D:5:      layout_basic, kennysheep_mini_moat, gup_sewer_entry_bowl, uniq_ijyb,
          uniq_prince_ribbit1, uniq_duvessa
D:6:      layout_cave_pods
D:7:      cheibrodos_wizards_tower, layout_loops_cross,
          nzn_wu_jian_council_hall, nicolae_overflow_hidden_temple,
          minmay_temple_entry_nine_rooms, minmay_shop_grid_forest,
          minmay_misc_feat_iff, grunt_ministairs_13, serial_park_tiny_2,
          uniq_menkaure, uniq_maggie
Abyss:2:  base: D:3, spicy_abyss_rude_harpoons, evilmike_abyss_exit_1

Skill      XL: |  1  2  3  4  5  6  7  8 |
---------------+-------------------------+-----
Transmutations | 1 2 3 4 |  4.0
Stealth        | 2 |  2.2
Dodging        | 2 3 4 |  4.3
Spellcasting   | 2 3 4 |  4.1
Earth Magic    | 3 4 |  4.9
Fighting       | 1 2 3 |  3.4
Short Blades   | 1 2 3 |  3.5
Armour         | 1 2 3 |  3.7
Conjurations   | 1 |  1.0

Action                     |  1- 3 |  4- 6 |  7- 9 || total
---------------------------+-------+-------+-------++-------
  Melee: Unarmed           |     4 |       |       ||     4
         Dagger            |    40 |    10 |       ||    50
         Punch             |     1 |       |     3 ||     4
         Staff             |       |    19 |   126 ||   145
   Cast: Sandblast         |    58 |    42 |    43 ||   143
         Stone Arrow       |     2 |     6 |    33 ||    41
    Use: Scroll            |     2 |     9 |    13 ||    24
         Potion            |       |     1 |     6 ||     7
   Stab: Sleeping          |     3 |     3 |     3 ||     9
 Armour: Robe              |    26 |    14 |    48 ||    88
         Ring mail         |       |       |    72 ||    72
         Skin              |       |       |     2 ||     2
  Dodge: Dodged            |    54 |    31 |   139 ||   224

Table legend: (Time is in decaauts)
 A = Elapsed time spent in this place.
 B = Non-inter-level travel time spent in this place.
 C = Inter-level travel time spent in this place.
 D = Time resting spent in this place.
 E = Time spent auto-exploring this place.
 F = Levels seen in this place.
 G = Mean time per level.
                   A        B        C        D        E       F      G
               +--------+--------+--------+--------+--------+-----+--------+
         Total |   7285 |   7070 |    215 |   1905 |   3386 |   9 |  809.4 |
       Dungeon |   6827 |   6612 |    215 |   1764 |   3316 |   7 |  975.3 |
         Abyss |     84 |     84 |      0 |      0 |      0 |   1 |   84.0 |
         Sewer |    373 |    373 |      0 |    141 |     70 |   1 |  373.0 |
               +--------+--------+--------+--------+--------+-----+--------+

Top non-repeatable levels by time:
     D:3: 1707 daAuts
     D:5: 1552 daAuts
     D:6: 1220 daAuts
     D:2: 806 daAuts
     D:1: 780 daAuts
     D:4: 730 daAuts
   Sewer: 373 daAuts
 Abyss:2: 84 daAuts
     D:7: 31 daAuts
